 Dungeon Crawl Stone Soup version 0.30.0-5-g1a98f26d00 (webtiles) character file.

Game seed: 16468902678946676925

24 jasper the Digger (level 2, 0/13 HPs)
             Began as a Spriggan Earth Elementalist on May 11, 2023.
             Killed from afar by Natasha (8 damage)
             ... with a bolt of dispelling energy
             ... on level 2 of the Dungeon.
             The game lasted 00:01:16 (1458 turns).

jasper the Digger (Spriggan Earth Elementalist)     Turns: 1458, Time: 00:01:16

Health: 0/13       AC:  2    Str:  4    XL:     2   Next: 79%
Magic:  2/6        EV: 17    Int: 16    God:
Gold:   38         SH:  0    Dex: 15    Spells: 3/6 levels left

rFire   . . .        (weapon restricted)
rCold   . . .        (no shield)
rNeg    . . .        a - +0 robe
rPois   .            (helmet restricted)
rElec   .            (no cloak)
rCorr   .            (gloves unavailable)
SInv    +            (boots unavailable)
Will    .....        (no amulet)
Stlth   ++           (no ring)
HPRegen 0.22/turn    (no ring)
MPRegen 0.10/turn

%: no passive effects
@: weak-willed, slowed, quick
A: very small, no large weapons, unfitting armour, see invisible, speed 3
a: no special abilities


You were on level 2 of the Dungeon.
You visited 1 branch of the dungeon, and saw 2 of its levels.

You collected 38 gold pieces.

Inventory:

Hand Weapons
 c - a +0 short sword of venom
Armour
 a - a +0 robe (worn)
Potions
 b - a potion of magic
 f - a potion of resistance
 i - a potion of curing {unknown}


   Skills:
 - Level 2.6 Dodging
 - Level 3.0 Stealth
 - Level 2.6 Spellcasting
 - Level 1.3 Transmutations
 + Level 3.7 Earth Magic


You had 3 spell levels left.
You knew the following spells:

 Your Spells              Type           Power      Damage    Failure   Level
a - Sandblast             Erth           28%        2d8       4%          1
b - Passwall              Tmut/Erth      8%         N/A       11%         2

Your spell library contained the following spells:

 Spells                   Type           Power      Damage    Failure   Level
 Stone Arrow              Conj/Erth      16%        3d8       26%         3
 Sublimation of Blood     Necr           2%         N/A       28%         2
 Petrify                  Tmut/Erth      10%        N/A       56%         4
 Irradiate                Conj/Tmut      2%         3d12      99%         5


Dungeon Overview and Level Annotations

Branches:
Dungeon (2/15)

Altars:

Annotations:
D:2 Natasha


Innate Abilities, Weirdness & Mutations

You are very small and have problems with some larger weapons.
You are too small for most types of armour.
You have supernaturally acute eyesight. (SInv)
You cover ground extremely quickly. (Speed+++)


Message History

There is a stone staircase leading down here.
You climb downwards.
There is a stone staircase leading up here.
A rat comes into view.
A rat is nearby!
Natasha and a kobold come into view.
Natasha is carrying a wand of quicksilver (13).
The blast of sand hits the kobold!
You kill the kobold!
Natasha hisses angrily.
Natasha wildly gestures.
Natasha's front paws start to glow.
You now have 5/6 mp.
The blast of sand hits the rat.
You kill the rat!
Natasha casts a spell at you. The magic dart hits you.
You take 6 damage, and have 7/13 hp.
MASSIVE DAMAGE!!
You now have 4/6 mp.
You are too injured to fight recklessly!
Casting: Sandblast (safe; 4% risk of failure)
Confirm with . or Enter, or press ? or * to list all spells.
Aiming: Sandblast (safe; 4% risk of failure)
Press: ? - help, Shift-Dir - straight line, f - Natasha
Aim: Natasha, carrying a wand of quicksilver (13) (77% to hit)
The blast of sand hits Natasha but does no damage.
Natasha casts a spell at you.
You feel yourself slow down.
You now have 3/6 mp.
Casting: Sandblast (safe; 4% risk of failure)
Confirm with . or Enter, or press ? or * to list all spells.
Aiming: Sandblast (safe; 4% risk of failure)
Press: ? - help, Shift-Dir - straight line, f/p - Natasha
Aim: Natasha, carrying a wand of quicksilver (13) (77% to hit)
The blast of sand hits Natasha.
Natasha is moderately wounded.
A bat comes into view.
Natasha zaps a wand.
The bolt of dispelling energy hits you!
Your magical effects are unravelling.
Ouch! That really hurt!
You die...

#.# #.# #.#
.###########.#
.............#
............<#
........######
.######.#####
#..@....#
#.#.###)#
#.#h# # #†?
#.# #.. ...
..b


You could see Natasha and a bat (wandering).

Vanquished Creatures
  3 endoplasms (D:1)
  3 giant cockroaches (D:1)
  3 goblins (D:1)
  3 hobgoblins (D:1)
  5 kobolds
  2 frilled lizards (D:1)
  2 rats
21 creatures vanquished.

Notes
Turn   | Place    | Note
-------+----------+-------------------------------------------
     0 | D:1      | jasper the Spriggan Earth Elementalist began the quest for
                  | the Orb.
     0 | D:1      | Reached XP level 1. HP: 9/9 MP: 5/5
    76 | D:1      | Reached XP level 2. HP: 13/13 MP: 0/6
    79 | D:1      | Learned a level 2 spell: Passwall
  1453 | D:2      | Noticed Natasha
  1458 | D:2      | Killed from afar by Natasha

Illustrated notes

Levels and vault maps discovered:
D:1:      minmay_arrival_five_plusses, layout_basic, st_stairs_5,
          kennysheep_another_room, minmay_misc_feat_cross, minmay_pentomino_p4
D:2:      layout_basic, uniq_natasha

Skill      XL: |  1 |
---------------+----+-----
Earth Magic    | 3 |  3.7
Dodging        | |  2.6
Stealth        | |  3.0
Spellcasting   | |  2.6
Transmutations | |  1.3

Action                     || total
---------------------------++-------
   Cast: Sandblast         ||    31
    Use: Scroll            ||     5
  Dodge: Dodged            ||     4
